 Dungeon Crawl Stone Soup version 0.25-a0-780-g622e69b31f (webtiles) character file.

Game seed: 10068698526522852526, levelgen mode: deterministic

37902 Arthanis the Cleaver (level 13, -6/86 HPs)
             Began as a Gargoyle Berserker on Apr 14, 2020.
             Was an Elder of Trog.
             Mangled by a large slime creature (27 damage)
             ... on level 15 of the Dungeon.
             The game lasted 00:22:31 (9999 turns).

Arthanis the Cleaver (Gargoyle Berserker)           Turns: 9999, Time: 00:22:31

Health: -6/86      AC: 31    Str: 21    XL:     13   Next: 99%
Magic:  19/19      EV:  6    Int: 13    God:    Trog [****..]
Gold:   674        SH: 15    Dex: 16    Spells: 12/12 levels left

rFire    . . .     SeeInvis .   J - +6 broad axe
rCold    . . .     Gourm    +   B - +0 tower shield
rNeg     + . .     Faith    .   Z - +1 chain mail of Ruippexosk {MR+ Dex+4 Slay+3}
rPois    ∞         Spirit   .   s - +0 helmet
rElec    +         Reflect  .   P - +1 cloak
rCorr    .         Harm     .   u - +2 pair of gloves
MR       +++..                  n - +0 pair of boots
Stlth    ..........             b - amulet of the gourmand
HPRegen  1.24/turn              g - +3 ring of dexterity
MPRegen  0.16/turn              L - ring of flight (curse)

@: berserk cooldown, regenerating, slowed, very slow
A: negative energy resistance 1, electricity resistance, unbreathing,
petrification resistance, rot immunity, AC +9
a: Berserk, Trog's Hand, Brothers in Arms, Renounce Religion, Evoke Flight


You were on level 15 of the Dungeon.
You worshipped Trog.
Trog was greatly pleased with you.
You were not hungry.

You visited 1 branch of the dungeon, and saw 15 of its levels.

You collected 674 gold pieces.

Inventory:

Hand Weapons
 J - a +6 broad axe (weapon)
 M - a +1 war axe of flaming
 N - a +4 antimagic executioner's axe
 V - a +2 trident of venom
Missiles
 X - 2 throwing nets (quivered)
Armour
 k - a +0 plate armour
 n - a +0 pair of boots (worn)
 s - a +0 helmet (worn)
 u - a +2 pair of gloves (worn)
 B - a +0 tower shield (worn)
 P - a +1 cloak (worn)
 W - a +4 chain mail of cold resistance
 Z - the +1 chain mail of Ruippexosk (worn) {MR+ Dex+4 Slay+3}
   (You found it on level 8 of the Dungeon)

   It affects your dexterity (+4).
   It affects your accuracy and damage with ranged weapons and melee attacks
   (+3).
   It affects your resistance to hostile enchantments.
Jewellery
 a - an uncursed amulet of the acrobat {unknown}
 b - an amulet of the gourmand (around neck)
 g - a +3 ring of dexterity (left hand)
 L - a cursed ring of flight (right hand)
 Q - an uncursed ring of protection from magic
 Y - an uncursed amulet of guardian spirit {unknown}
Wands
 r - a wand of acid (9)
 y - a wand of paralysis (4)
 H - a wand of iceblast (23)
 T - a wand of digging (4)
Scrolls
 d - 5 scrolls of enchant weapon
 e - 2 scrolls of teleportation
 h - a scroll of vulnerability {unknown}
 i - 11 scrolls of remove curse
 l - a scroll of acquirement {unknown}
 m - 2 scrolls of magic mapping
 p - 2 scrolls of immolation
 A - a scroll of enchant armour
 C - 3 scrolls of fear
 G - 2 scrolls of random uselessness {unknown}
 K - a scroll of fog {unknown}
 S - a scroll of amnesia {unknown}
Potions
 f - a potion of lignification {unknown}
 j - 2 potions of heal wounds {unknown}
 o - 5 potions of curing
 q - 2 potions of ambrosia
 t - 4 potions of brilliance
 v - a potion of cancellation
 x - a potion of invisibility {unknown}
 z - 5 potions of flight {unknown}
 D - a potion of magic {unknown}
 F - 2 potions of berserk rage {unknown}
 I - 4 potions of haste {unknown}
 O - a potion of might {unknown}
 R - a potion of mutation {unknown}
 U - a potion of stabbing {unknown}
Miscellaneous
 E - a box of beasts
Comestibles
 c - 22 rations


   Skills:
 + Level 12.2 Fighting
 * Level 14.0 Axes
 - Level 10.1 Armour
 - Level 4.0 Dodging
 - Level 4.4 Shields
 + Level 8.9 Evocations


You had 12 spell levels left.
You didn't know any spells.
Your spell library contained the following spells:

 Spells                   Type           Power        Failure   Level  Hunger
 Animate Skeleton         Necr           N/A          100%        1    ##.....
 Apportation              Tloc           #.....       100%        1    ##.....
 Beastly Appendage        Tmut           #.....       100%        1    ##.....
 Corona                   Hex            #......      100%        1    ##.....
 Summon Small Mammal      Summ           #...         100%        1    ##.....
 Call Imp                 Summ           #.......     100%        2    ###....
 Sticks to Snakes         Tmut           #.......     100%        2    ###....
 Call Canine Familiar     Summ           #.......     100%        3    ####...
 Spider Form              Tmut/Pois      #.........   100%        3    ####...
 Summon Guardian Golem    Hex/Summ       #.......     100%        3    ####...
 Ice Form                 Ice/Tmut       #.......     100%        4    #####..
 Summon Ice Beast         Ice/Summ       #.......     100%        4    #####..
 Summon Lightning Spire   Summ/Air       #.......     100%        4    #####..
 Blade Hands              Tmut           #.........   100%        5    ######.
 Bolt of Magma            Conj/Fire/Erth #.........   100%        5    ######.
 Iskenderun's Battlesphe  Conj/Chrm      #.......     100%        5    ######.
 Metabolic Englaciation   Hex/Ice        #.........   100%        5    ######.
 Freezing Cloud           Conj/Ice/Air   #.........   100%        6    #######
 Iron Shot                Conj/Erth      #.........   100%        6    #######
 Ozocubu's Refrigeration  Ice            #.........   100%        6    #######
 Simulacrum               Ice/Necr       #.........   100%        6    #######
 Orb of Destruction       Conj           #.........   100%        7    #######
 Spellforged Servitor     Conj/Summ      #.........   100%        7    #######


Dungeon Overview and Level Annotations

Branches:
Dungeon (15/15) Temple (0/1) D:7 Lair (0/6) D:8 Orc (0/2) D:10 Vaults (0/5) D:13 D:14 Depths (0/5) D:15

Altars:
Fedhas
Gozag
Kikubaaqudgha
Nemelex Xobeh
Okawaru
Ru
Sif Muna
Vehumet
Xom
Yredelemnul
The Shining One

Annotations:
D:13 2 runed translucent doors
D:14 2 transporters, Ringe's ghost, journeyman VSBe


Innate Abilities, Weirdness & Mutations

You are resistant to torment.
Your stone body is resilient. (AC +9)
You are immune to poison.
You resist negative energy. (rN+)
You are resistant to electric shocks. (rElec)
You can survive without breathing.
You are immune to petrification.
You are immune to rotting.


Message History

You slash the large slime creature! The large slime creature hits you!
The large slime creature completely misses you.
You block the large slime creature's attack. x2
You completely miss the large slime creature.
The large slime creature is severely wounded.
You hit the large slime creature.
Your skin stops crawling.
You feel less resistant to hostile enchantments.
The large slime creature hits you but does no damage.
The large slime creature hits you!!
* * * LOW HITPOINT WARNING * * *
You block the large slime creature's attack.
You are too injured to fight recklessly!
Your skin crawls.
You feel resistant to hostile enchantments.
You feel quite a bit more hungry.
You block the large slime creature's attack.
The large slime creature hits you but does no damage.
The large slime creature hits you!!
You die...

#..##...#######...####.##
#.#.#
#..##..)#...............#
#...##
...##................^..#
#.....
##....).................#
#.####
#......#.#####...#######
#.# ##.##.##.# #######
#.# #.##.##.# #..#.##
#.#### #.##.##.# #.....#
#..... # #......##
#@##.## #..###
######.###>....JJ##..#
#.....
.......####....###...#
##.##. #######...#...#
#..### #.### # #.####.#
##.## #.... #
#....#####...## ##### #
#..#.##.#.....#
#..#.##.#.....##########
#.......##(..##........#


You could see 2 large slime creatures.

Vanquished Creatures
  Rupert (D:13)
  Harold (D:8)
  A catoblepas (D:12)
  2 centaur warriors
  A hydra (D:15)
  A two-headed ogre (shapeshifter) (D:15)
  A tengu warrior (D:14)
  5 two-headed ogres
  Urug (D:13)
  Nergalle (D:11)
  A skeletal warrior (D:13)
  7 ugly things
  3 harpies (D:12)
  2 cyclopes
  3 manticores
  A deep elf mage (D:15)
  Joseph (D:7)
  An elephant (shapeshifter) (D:15)
  Psyche (D:8)
  A spiny frog (shapeshifter) (D:15)
  Maggie (D:7)
  An efreet (D:15)
  A redback zombie (D:15)
  A tengu conjurer (D:14)
  3 komodo dragons
  A merfolk (D:10)
  2 hornets
  4 trolls
  A jumping spider (shapeshifter) (D:15)
  Prince Ribbit (D:9)
  6 slime creatures (D:15)
  A spriggan (shapeshifter) (D:15)
  2 wyverns
  A wraith (D:11)
  16 humans
  6 yaks (D:10)
  2 golden eyes (shapeshifter) (D:15)
  4 basilisks
  Menkaure (D:6)
  2 hungry ghosts
  3 vampire mosquitoes (D:15)
  A soldier ant (D:11)
  A water moccasin (D:11)
  Purgy (D:4)
  2 sky beasts
  3 black bears
  4 orc warriors
  A necrophage (D:6)
  3 ice beasts
  2 phantoms
  4 boggarts (D:15)
  5 ogres
  A crocodile (D:13)
  6 centaurs
  3 big kobolds
  3 bullfrogs
  2 wyvern skeletons
  16 killer bees
  3 scorpions
  3 wights (D:6)
  A howler monkey (D:14)
  2 jellies
  4 bullfrog zombies
  2 crimson imps
  8 hounds
  A quasit (D:7)
  5 centaur skeletons
  4 centaur zombies
  Crazy Yiuf (D:7)
  A bullfrog skeleton (D:10)
  7 orc wizards
  6 iguanas
  4 orc priests
  9 worker ants
  2 hound skeletons
  A worker ant zombie (D:10)
  Robin (D:2)
  16 adders
  4 gnolls (D:11)
  2 howler monkey skeletons
  4 shadow imps
  4 oozes
  3 adder zombies
  6 worms
  3 dart slugs
  7 leopard geckos
  39 orcs
  2 ball pythons
  8 giant cockroaches
  17 goblins
  12 hobgoblins
  15 jackals
  24 kobolds
  8 quokkas
  A ball python zombie (D:5)
  10 bats
  9 frilled lizards
  A jackal skeleton (D:5)
  A leopard gecko skeleton (D:4)
  A leopard gecko zombie (D:6)
  A quokka zombie (D:6)
  5 rats
  A withered plant (D:12)
423 creatures vanquished.

Vanquished Creatures (collateral kills)
  Louise (D:15)
1 creature vanquished.

Grand Total: 424 creatures vanquished

Notes
Turn   | Place    | Note
-------+----------+-------------------------------------------
     0 | D:1      | Arthanis the Gargoyle Berserker began the quest for the
                  | Orb.
     0 | D:1      | Reached XP level 1. HP: 14/14 MP: 1/1
    58 | D:1      | Reached XP level 2. HP: 10/19 MP: 2/2
    66 | D:1      | Reached skill level 3 in Axes
   286 | D:1      | Reached ** piety under Trog
   286 | D:1      | Reached XP level 3. HP: 11/23 MP: 3/3
   694 | D:2      | Found an iron altar of Okawaru.
   747 | D:2      | Reached XP level 4. HP: 28/29 MP: 4/4
  1031 | D:2      | Noticed Robin
  1038 | D:2      | Reached *** piety under Trog
  1043 | D:2      | Killed Robin
  1064 | D:2      | Found a radiant altar of Vehumet.
  1153 | D:2      | Found a sparkling altar of Nemelex Xobeh.
  1539 | D:3      | Reached skill level 4 in Axes
  1539 | D:3      | Reached XP level 5. HP: 25/33 MP: 5/5
  1891 | D:3      | Reached **** piety under Trog
  2102 | D:3      | Reached XP level 6. HP: 37/39 MP: 6/6
  2370 | D:4      | Noticed Purgy
  2378 | D:4      | Killed Purgy
  2378 | D:4      | Reached skill level 5 in Axes
  2453 | D:4      | Reached XP level 7. HP: 29/44 MP: 7/7
  2609 | D:4      | Reached skill level 5 in Fighting
  3065 | D:5      | Entered Level 5 of the Dungeon
  3203 | D:5      | Found a shimmering blue altar of Sif Muna.
  3208 | D:5      | Reached XP level 8. HP: 41/50 MP: 8/8
  3401 | D:5      | Reached skill level 6 in Axes
  3678 | D:6      | Reached skill level 5 in Armour
  3760 | D:6      | Reached skill level 1 in Evocations
  3989 | D:6      | Noticed Menkaure
  3995 | D:6      | Killed Menkaure
  4224 | D:6      | Reached skill level 7 in Axes
  4224 | D:6      | Reached XP level 9. HP: 55/55 MP: 10/10
  4351 | D:6      | Reached ***** piety under Trog
  4351 | D:6      | Received a gift from Trog
  4387 | D:6      | Found a sacrificial altar of Ru.
  4387 | D:6      | Found a glowing golden altar of the Shining One.
  4504 | D:7      | Found an ancient bone altar of Kikubaaqudgha.
  4621 | D:7      | Found a staircase to the Ecumenical Temple.
  4622 | D:7      | Noticed Maggie
  4634 | D:7      | Killed Maggie
  4773 | D:7      | Noticed Joseph
  4796 | D:7      | Killed Joseph
  4988 | D:7      | Found a runed translucent door.
  4990 | D:7      | Noticed Crazy Yiuf
  4995 | D:7      | Killed Crazy Yiuf
  5144 | D:8      | Noticed Psyche
  5147 | D:8      | Killed Psyche
  5147 | D:8      | Reached skill level 8 in Axes
  5196 | D:8      | Noticed Harold
  5214 | D:8      | Killed Harold
  5214 | D:8      | Reached XP level 10. HP: 63/63 MP: 11/13
  5286 | D:8      | Found a staircase to the Lair.
  5294 | D:8      | Got a garnet-encrusted chain mail
  5309 | D:8      | Identified the cursed +1 chain mail of Ruippexosk {MR+
                  | Dex+4 Slay+3} (You found it on level 8 of the Dungeon)
  5591 | D:9      | Found an opulent altar of Gozag.
  5704 | D:9      | Noticed Prince Ribbit
  5708 | D:9      | Reached skill level 9 in Axes
  5711 | D:9      | Killed Prince Ribbit
  5894 | D:9      | Received a gift from Trog
  6083 | D:9      | Found a shimmering altar of Xom.
  6083 | D:9      | Found a blossoming altar of Fedhas.
  6176 | D:10     | Entered Level 10 of the Dungeon
  6198 | D:10     | Reached skill level 5 in Evocations
  6241 | D:10     | Found a staircase to the Orcish Mines.
  6337 | D:10     | Reached XP level 11. HP: 68/69 MP: 13/15
  6377 | D:10     | Reached skill level 10 in Axes
  6863 | D:11     | Noticed a red ugly thing
  6877 | D:11     | Killed a red ugly thing
  6928 | D:11     | Received a gift from Trog
  7016 | D:11     | Reached skill level 11 in Axes
  7104 | D:11     | Noticed Nergalle
  7108 | D:11     | Noticed a spectral orc warlord
  7112 | D:11     | Noticed a spectral orc warlord
  7124 | D:11     | Killed Nergalle
  7371 | D:12     | Noticed a cyclops
  7377 | D:12     | Killed a cyclops
  7377 | D:12     | Reached skill level 10 in Fighting
  7600 | D:12     | Noticed a catoblepas
  7602 | D:12     | Noticed a harpy
  7602 | D:12     | Noticed a harpy
  7602 | D:12     | Noticed a harpy
  7607 | D:12     | Killed a harpy
  7609 | D:12     | Killed a harpy
  7609 | D:12     | Reached skill level 1 in Shields
  7614 | D:12     | Killed a catoblepas
  7614 | D:12     | Reached XP level 12. HP: 77/77 MP: 16/16
  7790 | D:12     | Noticed a two-headed ogre
  7799 | D:12     | Killed a two-headed ogre
  8002 | D:13     | Noticed a two-headed ogre
  8007 | D:13     | Killed a two-headed ogre
  8007 | D:13     | Reached skill level 12 in Axes
  8092 | D:13     | Found a runed translucent door.
  8093 | D:13     | Found a runed translucent door.
  8093 | D:13     | Noticed a merfolk avatar
  8093 | D:13     | Noticed a merfolk impaler
  8112 | D:13     | Found a runed translucent door.
  8188 | D:13     | Noticed a two-headed ogre
  8194 | D:13     | Killed a two-headed ogre
  8381 | D:14     | Found a gate to the Vaults.
  8381 | D:14     | Noticed Rupert
  8381 | D:14     | Noticed a centaur warrior
  8381 | D:14     | Noticed Urug
  8392 | D:13     | Received a gift from Trog
  8395 | D:13     | Killed Urug
  8504 | D:13     | Killed Rupert
  8547 | D:13     | Killed a centaur warrior
  8547 | D:13     | Reached XP level 13. HP: 53/84 MP: 18/18
  8604 | D:14     | Noticed a fire dragon
  8716 | D:14     | Found a basalt altar of Yredelemnul.
  8742 | D:14     | Reached skill level 13 in Axes
  8814 | D:14     | Found a transporter.
  8818 | D:14     | Noticed Ringe's ghost (journeyman VSBe)
  8847 | D:14     | Found a transporter.
  9139 | D:15     | Entered Level 15 of the Dungeon
  9148 | D:15     | Reached skill level 10 in Armour
  9393 | D:15     | Noticed Louise
  9417 | D:15     | Killed Louise
  9970 | D:15     | Noticed a fire dragon
  9970 | D:15     | a fire dragon changed into a satyr
  9971 | D:15     | Noticed a great orb of eyes
  9971 | D:15     | a satyr changed into a great orb of eyes
  9972 | D:15     | Found a staircase to the Depths.
  9973 | D:15     | a great orb of eyes changed into a slime creature
  9978 | D:15     | Reached skill level 14 in Axes
  9999 | D:15     | Mangled by a large slime creature

Levels and vault maps discovered:
D:1:      saegor_arrival_simple_e, layout_rooms
D:2:      layout_basic, lemuel_doored_altar, nemelex_xobeh_ov_fountains_minmay,
          lemuel_round_altar, minmay_increasing_density, uniq_robin
D:3:      layout_loops_ring
D:4:      layout_gridville, corexii_item_surrounded_by_moat, corexii_shack,
          uniq_purgy
D:5:      layout_loops_ring, nicolae_overflow_crystal_walls, first_ration,
          guppyfry_early_lair_pool
D:6:      layout_loops_ring, nicolae_overflow_hidden_temple, uniq_menkaure
D:7:      layout_rooms, lemuel_round_altar, minmay_temple_entry_trees,
          corexii_item_surrounded_by_moat, uniq_crazy_yiuf_cottage, uniq_maggie,
          uniq_joseph
D:8:      layout_rooms, lair_entry_dummy, kennysheep_doodads, uniq_harold,
          uniq_psyche
D:9:      layout_basic, gammafunk_temple_overflow_forgotten, uniq_prince_ribbit1
D:10:     layout_roguey, orc_0_dummy, st_stairs_11, hangedman_fish_farm
D:11:     layout_big_octagon, serial_park, serial_park_square1
          [serial_park_minivault_5x5_6], uniq_nergalle
D:12:     layout_rooms, argonaut_gorgonesque
D:13:     layout_rooms, mikee_hates_you
D:14:     layout_roguey, david_vaults_3, yredelemnul_altar_generic,
          gammafunk_ghost_berserking_beasts, kb_tengu_band
D:15:     gammafunk_enter_depths_forms, layout_loops_cross,
          hangedman_decor_lopped, minmay_misc_feat_hallway, uniq_louise

Skill      XL: |  1  2  3  4  5  6  7  8  9 10 11 12 13 |
---------------+----------------------------------------+-----
Axes           | 3 4 5 7 8 9 11 12 14 | 14.0
Dodging        | 2 3 4 |  4.0
Armour         | 3 4 5 7 8 9 10 | 10.1
Fighting       | 4 5 6 7 8 10 11 12 | 12.2
Evocations     | 2 4 5 6 7 8 |  8.9
Shields        | 1 4 |  4.4

Action                   |  1- 3 |  4- 6 |  7- 9 | 10-12 | 13-15 || total
-------------------------+-------+-------+-------+-------+-------++-------
Melee: Hand axe          |   110 |   275 |       |       |       ||   385
       War axe           |       |    18 |   252 |       |     3 ||   273
       Broad axe         |       |       |    68 |   340 |   242 ||   650
       Executioner's axe |       |       |       |    49 |       ||    49
Invok: Berserk           |     4 |     3 |     8 |    11 |     9 ||    35
       Trog's Hand       |       |       |     2 |     5 |     8 ||    15
       Brothers in Arms  |       |       |       |       |     1 ||     1
  Use: Scroll            |       |       |    11 |     5 |     1 ||    17
  Eat: Chunk             |     3 |    10 |     9 |    59 |    10 ||    91
       Ration            |       |       |     2 |       |       ||     2
Armor: Animal skin       |    44 |       |       |       |       ||    44
       Plate armour      |    14 |   274 |   277 |    10 |       ||   575
       Chain mail        |       |       |       |   366 |   205 ||   571
Dodge: Dodged            |    91 |   101 |   117 |   235 |    70 ||   614
Block: Kite shield       |       |       |       |    78 |    91 ||   169
       Reflection        |       |       |       |     2 |     4 ||     6
       Tower shield      |       |       |       |       |    63 ||    63

Table legend:
 A = Non-vault XP
 B = Vault XP
 C = Vault XP percentage of total XP
 D = Non-vault monster count
 E = Vault monster count
 F = Vault count percentage of total count
                 A         B        C        D         E       F
            +---------+---------+-------+---------+---------+-------
      Total |   32026 |   22121 |  40.9 |     350 |      73 |  17.3
            +---------+---------+-------+---------+---------+-------
        D:1 |      46 |       0 |   0.0 |      25 |       0 |   0.0
        D:2 |      73 |      43 |  37.1 |      30 |      17 |  36.2
        D:3 |     158 |       0 |   0.0 |      37 |       0 |   0.0
        D:4 |     423 |     138 |  24.6 |      16 |       2 |  11.1
        D:5 |     326 |      26 |   7.4 |      10 |       2 |  16.7
        D:6 |    1095 |     172 |  13.6 |      33 |       1 |   2.9
        D:7 |     291 |     873 |  75.0 |       6 |       3 |  33.3
        D:8 |     453 |    1431 |  76.0 |      13 |       2 |  13.3
        D:9 |    1389 |     274 |  16.5 |      27 |       1 |   3.6
       D:10 |    3344 |     753 |  18.4 |      45 |       3 |   6.2
       D:11 |    2942 |     812 |  21.6 |      42 |       1 |   2.3
       D:12 |    2434 |    3339 |  57.8 |       9 |       7 |  43.8
       D:13 |    3543 |    7856 |  68.9 |      13 |      16 |  55.2
       D:14 |    4619 |    2043 |  30.7 |      18 |       6 |  25.0
       D:15 |   10890 |    4361 |  28.6 |      26 |      12 |  31.6
            +---------+---------+-------+---------+---------+-------
